 Dungeon Crawl Stone Soup version 0.31.0-9-g3a7656b989 (webtiles) character file.

Game seed: 17132712645135453777

25 Colgate the Poker (level 2, 0/24 HPs)
             Began as a Demonspawn Cinder Acolyte on Jan 30, 2024.
             Was a High Priest of Ignis.
             Slain by a goblin
             ... wielding a +0 club
             ... led by Robin
              (2 damage)
             ... on level 1 of the Dungeon.
             The game lasted 00:00:25 (545 turns).

Colgate the Poker (Demonspawn Cinder Acolyte)        Turns: 545, Time: 00:00:25

Health: 0/24       AC: 11    Str: 20    XL:     2   Next: 82%
Magic:  3/3        EV: 11    Int: 14    God:    Ignis [*****.]
Gold:   69         SH:  0    Dex:  8    Spells: 3/3 levels left

rFire   + . .        a - -1 spear (flame)
rCold   . . .        (no shield)
rNeg    . . .        b - +0 robe
rPois   .            (no helmet)
rElec   .            (no cloak)
rCorr   .            (no gloves)
SInv    .            (no boots)
Will    .....        (no amulet)
Stlth   +            c - +6 ring of strength
HPRegen 0.24/turn    (no ring)
MPRegen 0.08/turn

%: no passive effects
@: fiery-armoured
A: icy blue scales 1
a: Renounce Religion, Fiery Armour, Foxfire Swarm, Rising Flame


You were on level 1 of the Dungeon.
You worshipped Ignis.
Ignis was extremely pleased with you.
You visited 1 branch of the dungeon, and saw 2 of its levels.

You collected 69 gold pieces.

Inventory:

Hand Weapons
 a - a -1 spear of flaming (weapon)
Armour
 b - a +0 robe (worn)
Jewellery
 c - a +6 ring of strength (left hand)
Scrolls
 e - a scroll of fear {unknown}
 f - a scroll of fog {unknown}
 g - a scroll of revelation {unknown}
 h - a scroll of vulnerability {unknown}
Potions
 d - 2 potions of heal wounds {unknown}
 i - 2 potions of curing {unknown}


   Skills:
 - Level 3.0 Fighting
 + Level 3.7 Polearms
 - Level 1.0 Spellcasting
 - Level 2.6 Fire Magic


You had 3 spell levels left.
You didn't know any spells.
Your spell library contained the following spells:

 Spells                   Type           Power      Damage    Failure   Level
 Scorch                   Fire           16%        2d5       13%         2


Dungeon Overview and Level Annotations

Branches:
Dungeon (2/15)

Altars:

Annotations:
D:2 Robin


Innate Abilities, Weirdness & Mutations

You are partially covered in icy blue scales. (AC +2)


Message History

You kill the goblin!
The goblin hits you but does no damage. x2
Robin roars a battlecry!
The goblins go into a battle-frenzy!
The dart slug launches a dart at you.
The slug dart hits you but does no damage.
There are monsters nearby!
You closely miss the goblin. The goblin barely misses you.
The goblin hits you with a +0 club.
Robin roars a battlecry!
The goblin goes into a battle-frenzy!
You hear a loud squeak.
There are monsters nearby!
You hit the goblin. You burn the goblin.
You kill the goblin!
The goblin barely misses you. The goblin hits you but does no damage.
Robin throws the goblin at you!
There are monsters nearby!
You barely miss the goblin. The goblin hits you but does no damage.
The goblin hits you with a +0 dagger. The goblin hits you but does no damage.
There are monsters nearby!
You closely miss the goblin. Your punch misses the goblin.
The goblin hits you with a +0 dagger. The goblin barely misses you.
The goblin completely misses you.
There are monsters nearby!
The goblin hits you with a +0 dagger. x2
* * * LOW HITPOINT WARNING * * *
The goblin hits you with a +0 club.
* * * LOW HITPOINT WARNING * * *
You climb upwards.
There is a stone staircase leading down here.
A protective cloak of flame settles atop you.
The goblin hits you with a +0 dagger.
* * * LOW HITPOINT WARNING * * *
The goblin is burned by your cloak of flames.
You kill the goblin!
The goblin barely misses you. x2
You barely miss the goblin. The goblin completely misses you.
The goblin hits you with a +0 club.
You die...

#######
##.....######
#...........#
#...#.###.#.#
#...........#
#.#.#.###.#.#
####g#)#.#/#.#.#
#...g@.#.###.#.#
#..............##
#......#.###.#..#
#...............#
#....รท.#.....>..#
#####)#####.#...#
#.# #.#...# #.#
#.#.#.# #.#
#...#.######


You could see 2 goblins.

Vanquished Creatures
  A dart slug (D:1)
  2 endoplasms (D:1)
  A giant cockroach (D:1)
  4 goblins
  A hobgoblin (D:1)
  4 ball pythons (D:1)
  2 bats (D:1)
  7 rats (D:1)
22 creatures vanquished.

Notes
Turn   | Place    | Note
-------+----------+-------------------------------------------
     0 | D:1      | Colgate the Demonspawn Cinder Acolyte began the quest for
                  | the Orb.
     0 | D:1      | Reached XP level 1. HP: 18/18 MP: 2/2
   238 | D:1      | Gained mutation: You are partially covered in icy blue
                  | scales. (AC +2) [demonic ancestry]
   238 | D:1      | Reached XP level 2. HP: 21/24 MP: 3/3
   534 | D:2      | Noticed Robin
   544 | D:1      | HP: 1/24 [goblin/+0 dagger[Robin] (2)]
   545 | D:1      | Slain by a goblin

Illustrated notes

Levels and vault maps discovered:
D:1:      roderic_dead_forest, layout_basic, minmay_surrounded
D:2:      layout_loops_ring, shapermc_ecumenical_altar_starsandcircs,
          minmay_misc_feat_roman, minmay_pentomino_x4, uniq_robin

Skill      XL: |  1 |
---------------+----+-----
Polearms       | 3 |  3.7
Fighting       | |  3.0
Spellcasting   | |  1.0
Fire Magic     | |  2.6

Action                     || total
---------------------------++-------
  Melee: Spear             ||    59
 Invoke: Fiery Armour      ||     1
 Armour: Robe              ||    28
  Dodge: Dodged            ||    25
